 Dungeon Crawl Stone Soup version 0.29-a0-1039-gfc20370e89 (webtiles) character file.

Game seed: 9469214102925912223

84 BritishOli the Trooper (level 4, 0/54 HPs)
             Began as a Demonspawn Fighter on Aug 15, 2022.
             Slain by a scorpion (4 damage)
             ... in the Ecumenical Temple.
             The game lasted 00:02:12 (2937 turns).

BritishOli the Trooper (Demonspawn Fighter)         Turns: 2937, Time: 00:02:12

Health: 0/54       AC:  8    Str: 19    XL:     4   Next: 23%
Magic:  4/4        EV:  9    Int:  9    God:
Gold:   187        SH:  4    Dex: 12    Spells: 3/3 levels left

rFire   . . .      SeeInvis .   a - +0 long sword
rCold   . . .      Faith    .   c - +0 buckler
rNeg    . . .      Spirit   .   b - +0 scale mail
rPois   .          Reflect  .   (no helmet)
rElec   .          Harm     .   (no cloak)
rCorr   .          Rampage  .   (no gloves)
Will    .....                   (no boots)
Stlth   ..........              (no amulet)
HPRegen 0.18/turn               (no ring)
MPRegen 0.09/turn               (no ring)

@: berserking, lethally poisoned (0 -> -5), very quick
A: icy blue scales 1, weakness stinger 1
a: no special abilities


You were in the Ecumenical Temple.
You visited 2 branches of the dungeon, and saw 5 of its levels.

You collected 187 gold pieces.

Inventory:

Hand Weapons
 a - a +0 long sword (weapon)
Missiles
 q - 2 throwing nets (quivered)
Armour
 b - a +0 scale mail (worn)
 c - a +0 buckler (worn)
Jewellery
 g - a ring of ice
Scrolls
 h - 2 scrolls of amnesia {unknown}
 k - a scroll of enchant weapon {unknown}
 l - 2 scrolls of magic mapping {unknown}
 n - a scroll of noise {unknown}
 o - 4 scrolls of identify {unknown}
 s - a scroll of enchant armour {unknown}
 u - a scroll of teleportation {unknown}
Potions
 d - a potion of might
 e - a potion of attraction {unknown}
 f - 2 potions of berserk rage
 i - a potion of curing {unknown}
 j - a potion of flight {unknown}
 m - 3 potions of mutation {unknown}
 p - a potion of lignification {unknown}
 r - 2 potions of ambrosia {unknown}
 t - a potion of haste {unknown}
 v - a potion of resistance {unknown}


   Skills:
 + Level 3.6 Fighting
 + Level 2.5 Long Blades
 + Level 3.2 Armour
 + Level 3.2 Shields


You had 3 spell levels left.
You didn't know any spells.
Your spell library was empty.

Dungeon Overview and Level Annotations

Branches:
Dungeon (4/15)             Temple (1/1) D:4

Altars:
Gozag
Ru
Xom

Shops:
D:2 (


Innate Abilities, Weirdness & Mutations

You are partially covered in icy blue scales. (AC +2)
You have a small tail.


Message History

The bat attacks as you move away! The bat barely misses you.
The bat hits you but does no damage. The bat barely misses you. x2
The scorpion attacks as you move away! The scorpion barely misses you.
The bat hits you. You block the bat's attack.
The scorpion attacks as you move away! The scorpion barely misses you.
The bat hits you but does no damage. The bat hits you but does no damage. x2
The bat hits you but does no damage. You block the bat's attack.
You block the bat's attack. The bat attacks as you move away! The bat hits you.
The scorpion attacks as you move away! The scorpion stings you.
Found a glowing golden altar of the Shining One.
The bat closely misses you. The scorpion attacks as you move away!
The scorpion stings you.
You are lethally poisoned!
The scorpion poisons you!
* * * LOW HITPOINT WARNING * * *
You feel very sick. The bat barely misses you.
It was a potion of berserk rage.
A red film seems to cover your vision as you go berserk!
You feel yourself moving faster!
You feel mighty!
* * * LOW HITPOINT WARNING * * *
You feel sick. The bat barely misses you. The scorpion misses you.
You closely miss the scorpion.
* * * LOW HITPOINT WARNING * * *
You feel sick. The bat hits you.
* * * LOW HITPOINT WARNING * * *
The scorpion stings you but does no damage.
You hit the scorpion.
The scorpion is lightly wounded.
* * * LOW HITPOINT WARNING * * *
You feel sick. The scorpion closely misses you. The bat misses you.
You hit the scorpion.
The scorpion is heavily wounded.
* * * LOW HITPOINT WARNING * * *
You feel sick. The bat hits you but does no damage. The scorpion stings you.
You die...

...#.......#...
.......................
......._........_......
.......................
...#.......#.........#
.≈###.....###≈.....≈#
.# ##...## #.....#
#...# #...###.. ##...##
##@b......
##.....####s........
......................
......_........⌠..##..
...................# ≈
.####.....####.....#
#≈≈≈≈≈# #≈≈≈≈≈# #######
#######


You could see a scorpion and a bat.

Vanquished Creatures
  2 adders
  A worm (D:2)
  3 orcs (D:3)
  7 ball pythons
  5 endoplasms
  5 giant cockroaches
  4 goblins
  4 hobgoblins
  5 kobolds
  A quokka (D:2)
  6 bats
  3 frilled lizards
  8 rats
54 creatures vanquished.

Notes
Turn   | Place    | Note
-------+----------+-------------------------------------------
     0 | D:1      | BritishOli the Demonspawn Fighter began the quest for the
                  | Orb.
     0 | D:1      | Reached XP level 1. HP: 18/18 MP: 1/1
   367 | D:1      | Gained mutation: You have a small tail. [demonic ancestry]
   367 | D:1      | Reached XP level 2. HP: 19/24 MP: 2/2
   968 | D:1      | Gained mutation: You are partially covered in icy blue
                  | scales. (AC +2) [demonic ancestry]
   968 | D:1      | Reached XP level 3. HP: 29/29 MP: 3/3
  2013 | D:2      | Found Kevy's Weapon Shop.
  2314 | D:3      | Reached XP level 4. HP: 35/35 MP: 4/4
  2392 | D:3      | Identified the +3 short sword "Killer Bee's Death" {freeze,
                  | +Blink Dex+2 SInv}
  2399 | D:3      | Found a sacrificial altar of Ru.
  2862 | D:4      | Noticed a scorpion
  2862 | D:4      | Found a staircase to the Ecumenical Temple.
  2911 | Temple   | Entered the Ecumenical Temple
  2937 | Temple   | Slain by a scorpion

Illustrated notes

Levels and vault maps discovered:
D:1:      dpeg_arrival_round_c, layout_basic, item_on_display_a
D:2:      layout_loops_ring, serial_shops, shop
D:3:      layout_basic, overflow_temple_1_default
D:4:      layout_basic, minmay_temple_entry_mist, cheibrodos_sewer_entry_sluice,
          gammafunk_ghost_split
Temple:   nicolae_temple_slightly_damp_pantheon

Skill      XL: |  1  2 |
---------------+-------+-----
Long Blades    | 2 |  2.5
Armour         | 3 |  3.2
Shields        | 3 |  3.2
Fighting       | |  3.6

Action                   |  1- 3 |  4- 6 || total
-------------------------+-------+-------++-------
Melee: Long sword        |   110 |    22 ||   132
       Tailslap          |     7 |     3 ||    10
  Use: Potion            |       |     1 ||     1
Armor: Scale mail        |    65 |    35 ||   100
Dodge: Dodged            |    44 |    35 ||    79
Block: Buckler           |    22 |    16 ||    38

Table legend: (Time is in decaauts)
 A = Elapsed time spent in this place.
 B = Non-inter-level travel time spent in this place.
 C = Inter-level travel time spent in this place.
 D = Time resting spent in this place.
 E = Time spent auto-exploring this place.
 F = Levels seen in this place.
 G = Mean time per level.
                   A        B        C        D        E       F      G
               +--------+--------+--------+--------+--------+-----+--------+
         Total |   2980 |   2900 |     80 |      0 |   2513 |   5 |  596.0 |
       Dungeon |   2954 |   2874 |     80 |      0 |   2513 |   4 |  738.5 |
        Temple |     25 |     25 |      0 |      0 |      0 |   1 |   25.0 |
               +--------+--------+--------+--------+--------+-----+--------+

Top non-repeatable levels by time:
     D:1: 1240 daAuts
     D:2: 933 daAuts
     D:3: 728 daAuts
     D:4: 52 daAuts
  Temple: 25 daAuts
